Map: [ESL] Data-C

Players

A.I. 2 (Very Easy) - Winner!

  • Race: Terran Terran
  • Spawn Location: 3:00

trigger

  • Race: Protoss Protoss
  • League: Grandmaster
  • Spawn Location: 9:00

VOD

Have the link to the VOD?

Description

Time

  • Played on: Dec. 31, 2022, 4:29 p.m.
  • Length: 8:13
Show
View Real Time Build Order
Export as new Build Order

A.I. 2 (Very Easy) Terran - Winner!

Build Orders:  

Get SALT Encoding   

  12  0:00  SCV  
  13  0:13  SCV  
  14  0:18  Supply Depot  
  14  0:37  Refinery  
  14  0:42  Barracks  
  14  1:04  Supply Depot  
  14  1:12  Refinery  
  14  1:29  SCV  
  14  1:30  Marine  
  16  1:41  SCV  
  17  1:53  SCV  
  18  2:05  Marine, SCV  
  20  2:17  SCV  
  21  2:29  SCV  
  22  2:41  Marine  
  22  2:42  Orbital Command  
  23  5:01  SCV  
  23  5:17  SCV  
  23  6:00  Marine, SCV  
  23  6:02  Supply Depot  
  24  6:06  Factory  
  22  6:13  SCV  
  23  6:25  SCV  
  23  6:30  Supply Depot  
  23  6:32  Marine  
  24  6:37  SCV  
  21  6:44  Command Center  
  21  6:49  SCV  
  21  6:50  Barracks Tech Lab  
  22  7:01  Starport, SCV, Hellion  
  21  7:13  SCV  
  22  7:25  SCV  
  22  7:29  Hellion  
  25  7:37  SCV  
  25  7:39  Starport Tech Lab  
  26  7:49  SCV  
  27  7:56  SCV  
  26  8:10  Refinery  
  26  8:12  Refinery  
Show
View Real Time Build Order
Export as new Build Order

trigger Protoss 

Build Orders: 1 Gate Expand, Blink Stalkers, Colossus Rush 

Get SALT Encoding   

  12  0:00  Probe  
  13  0:12  Probe  
  14  0:17  Pylon  
  14  0:24  Probe (Chrono Boost)  
  15  0:36  Probe (Chrono Boost)  
  15  0:38  Gateway  
  16  0:44  Probe (Chrono Boost)  
  16  0:46  Assimilator  
  17  0:50  Probe  
  18  1:02  Probe  
  19  1:15  Probe  
  20  1:25  Cybernetics Core  
  20  1:35  Probe, Nexus  
  21  1:43  Pylon  
  21  1:49  Assimilator  
  21  1:50  Probe  
  22  1:59  Adept (Chrono Boost)  
  22  2:02  Probe, Warp Gate  
  25  2:14  Probe (Chrono Boost)  
  26  2:22  Stalker  
  28  2:25  Probe (Chrono Boost)  
  29  2:30  Probe (Chrono Boost)  
  29  2:34  Twilight Council  
  31  2:44  Probe (Chrono Boost)  
  31  2:47  Probe (Chrono Boost)  
  32  2:56  Probe (Chrono Boost)  
  32  2:57  Probe (Chrono Boost)  
  32  2:58  Gateway  
  34  3:02  Probe (Chrono Boost)  
  35  3:07  Blink (Chrono Boost), Probe (Chrono Boost)  
  36  3:14  Probe (Chrono Boost)  
  36  3:19  Robotics Facility  
  38  3:23  Probe x2 (Chrono Boost)  
  38  3:24  Pylon  
  39  3:28  Probe (Chrono Boost)  
  39  3:30  Probe  
  41  3:40  Probe  
  42  3:42  Probe  
  43  3:52  Stalker x2, Probe  
  43  3:55  Probe  
  49  3:58  Nexus  
  49  4:02  Pylon  
  49  4:06  Probe  
  49  4:07  Observer  
  51  4:10  Assimilator  
  51  4:13  Probe  
  51  4:14  Assimilator  
  51  4:16  Stalker  
  54  4:20  Stalker, Probe  
  57  4:25  Probe  
  58  4:32  Probe  
  58  4:37  Probe  
  60  4:39  Observer  
  60  4:44  Probe, Robotics Bay  
  62  4:53  Gateway  
  62  4:54  Charge  
  62  4:59  Gateway  
  62  5:01  Pylon  
  62  5:10  Pylon, Probe (Chrono Boost)  
  62  5:12  Probe (Chrono Boost)  
  65  5:14  Probe (Chrono Boost)  
  67  5:22  Probe (Chrono Boost)  
  67  5:23  Probe (Chrono Boost)  
  67  5:25  Probe (Chrono Boost)  
  67  5:27  Probe (Chrono Boost)  
  68  5:28  Colossus (Chrono Boost)  
  68  5:29  Pylon  
  68  5:31  Probe  
  68  5:32  Extended Thermal Lance  
  68  5:34  Probe  
  77  5:36  Gateway x2  
  77  5:38  Probe  
  78  5:43  Probe  
  78  5:44  Pylon  
  78  5:46  Probe, Sentry x2  
  84  5:50  Shield Battery  
  84  5:52  Pylon  
  84  5:58  Gateway  
  84  6:01  Gateway  
  84  6:02  Zealot x2  
  88  6:08  Colossus (Chrono Boost)  
  88  6:09  Zealot x2  
  98  6:16  Pylon  
  98  6:23  Zealot x2  
  102  6:27  Forge  
  102  6:30  Pylon  
  102  6:39  Pylon  
  102  6:40  Zealot x4  
  102  6:44  Colossus (Chrono Boost)  
  110  6:47  Templar Archives  
  110  6:48  Zealot x2  
  120  6:58  Zealot x2  
  124  7:03  Zealot  
  124  7:04  Zealot x3  
  132  7:10  Zealot x2  
  136  7:19  Zealot x2  
  136  7:22  Pylon  
  140  7:23  Pylon  
  140  7:41  Zealot  
  140  7:42  Zealot x4  
  150  7:45  Zealot x3  
  156  8:13  Pylon  
Tags
 
Add a new tag
Caveats
  • Supply blocks, unpowered buildings, or Contaminate may cause inaccurate times.
  • Supply counts are checked every 10 seconds.